 Dungeon Crawl Stone Soup version 0.32-a0-931-g5a2cda0630 (webtiles) character file.

Game seed: 12295423672517467974

3008 Gadrel the Placeless Armataur (level 9, -7/69 HPs)
             Began as an Armataur Necromancer on Apr 13, 2024.
             Was an Initiate of Gozag.
             Killed themself with a badly aimed rupture (15 damage)
             ... on level 6 of the Dungeon.
             The game lasted 00:38:27 (7232 turns).

Gadrel the Placeless Armataur (AtNe)                Turns: 7232, Time: 00:38:27

Health: -7/69      AC:  6    Str: 14    XL:     9   Next: 54%
Magic:  15/15      EV:  7    Int: 19    God:    Gozag
Gold:   303        SH:  0    Dex: 11    Spells: 7/16 levels left

rFire   . . .        a - +7 short sword
rCold   . . .        (no shield)
rNeg    . . .        k - +0 ring mail {rPois}
rPois   +            (no helmet)
rElec   .            (no cloak)
rCorr   .            (no gloves)
SInv    .            (no barding)
Will    .....        i - amulet of regeneration
Stlth   ++           (no ring)
HPRegen 1.11/turn    (no ring)
MPRegen 0.14/turn

%: roll
@: gold aura, slowed, very slow
A: large, deformed body, tough skin 3, armoured tail, rollpage 2
a: Renounce Religion, Potion Petition, Call Merchant, Bribe Branch


You were on level 6 of the Dungeon.
You worshipped Gozag.
Gozag was aware of your devotion.
You visited 2 branches of the dungeon, and saw 9 of its levels.
You also visited: Ossuary.

You collected 754 gold pieces.
You spent 372 gold pieces at shops.
You paid 79 gold pieces to Gozag.

Inventory:

Hand Weapons
 a - a +7 short sword (weapon)
   (You took it off a wight in an ossuary)
 m - a +3 long sword
   (You took it off a wight on level 7 of the Dungeon)
 B - a +4 scimitar
   (You took it off a wight on level 7 of the Dungeon)
 F - a +2 long sword of electrocution
   (You found it on level 8 of the Dungeon)
Missiles
 l - 19 poisoned darts
 s - 54 stones
 D - 2 curare-tipped darts
Armour
 k - a +0 ring mail of poison resistance (worn)
   (You found it on level 2 of the Dungeon)
 w - a +0 tower shield
   (You found it on level 5 of the Dungeon)
Jewellery
 i - an amulet of regeneration (around neck)
   (You found it on level 2 of the Dungeon)
Wands
 j - a wand of polymorph (30)
   (You took it off Ijyb on level 4 of the Dungeon)
 q - a wand of flame (2)
   (You found it on level 5 of the Dungeon)
 y - a wand of mindburst (9)
   (You found it on level 7 of the Dungeon)
 C - a wand of warping (3)
   (You found it on level 7 of the Dungeon)
Scrolls
 b - a scroll of revelation
 f - a scroll of brand weapon {unknown}
 g - a scroll of amnesia
 h - a scroll of fog
 n - a scroll of enchant armour {unknown}
 o - 2 scrolls of poison
 x - a scroll of enchant weapon {unknown}
 z - a scroll of immolation {unknown}
 E - a scroll of fear
 V - 2 scrolls of vulnerability {!r!r}
 Y - 4 scrolls of teleportation {@r3}
Potions
 c - 2 potions of degeneration {unknown}
 d - 3 potions of enlightenment
 e - 2 potions of mutation {unknown}
 p - a potion of invisibility {unknown}
 r - 2 potions of ambrosia {unknown}
 u - a potion of attraction {unknown}
 v - 2 potions of haste {unknown}
 A - a potion of cancellation
 J - a potion of curing {@q1}
 M - 4 potions of magic
 R - a potion of resistance
 T - a potion of berserk rage {!q}


   Skills:
 - Level 3.0 Fighting
 * Level 1.6 Long Blades
 - Level 4.4 Armour
 - Level 1.3 Dodging
 - Level 4.0 Stealth
 + Level 4.2 Spellcasting
 + Level 1.2 Conjurations
 - Level 4.0 Necromancy
 - Level 10.0 Translocations
 + Level 1.2 Earth Magic
 - Level 1.0 Evocations


You had 7 spell levels left.
You knew the following spells:

 Your Spells              Type           Power      Damage    Failure   Level
a - Maxwell's Portable P  Tloc           42%        2d(9-26)  1%          3
x - Vampiric Draining     Necr           19%        2d7       16%         3
O - Teleport Other        Tloc           42%        N/A       1%          3

Your spell library contained the following spells:

 Spells                   Type           Power      Damage    Failure   Level
 Lesser Beckoning         Tloc           84%        N/A       1%          2
 Necrotise                Necr           76%        1d7       4%          1
 Volatile Blastmotes      Fire/Tloc      46%        2d13      10%         3
 Sandblast                Erth           16%        2d6       16%         1
 Vhi's Electric Charge    Tloc/Air       46%        N/A       32%         4
 Passwall                 Erth           8%         N/A       43%         3
 Stone Arrow              Conj/Erth      16%        3d8       43%         3
 Curse of Agony           Necr           19%        N/A       80%         5
 Brom's Barrelling Bould  Conj/Erth      8%         2d3       83%         4
 Bombard                  Conj/Erth      4%         9d2       100%        6
 Animate Dead             Necr           Unusable   N/A       N/A         4

Dungeon Overview and Level Annotations

Branches:
Dungeon (8/15)             Temple (1/1) D:4         Ossuary (visited)
   Lair: D:8-11

Altars:
Ashenzari
Cheibriados
Dithmenos
Elyvilon
Fedhas
Gozag
Hepliaklqana
Kikubaaqudgha
Makhleb
Nemelex Xobeh
Qazlal
Ru
Sif Muna
Trog
Uskayaw
Vehumet
Wu Jian
Xom
Yredelemnul
Zin
The Shining One

Shops:
D:3 !   D:7 (

Annotations:
D:4 1 transporter, grrhawk's ghost, amateur CoGl
D:5 1 runed translucent door, GiantSquids's ghost, novice MDFi


Innate Abilities, Weirdness & Mutations

Armour fits poorly on your strangely shaped body.
You have extremely tough skin. (AC +3)
You have a long armoured tail.
You regenerate magic and health when rolling toward enemies. (Rampage Regen)


Message History

Unknown command.
Unknown command.
Unknown command.
Unknown command.
Press: ? - help, Shift-Dir - straight line, f - Amaemon
Aim: Amaemon, wielding a -1 demon whip of venom (translocational energy, almost dead, 60% to hit)
The puff of flame hits Amaemon.
You feel very sick. The scorpion misses you. The scorpion stings you.
* * * LOW HITPOINT WARNING * * *
The scorpion stings you but does no damage.
You take 4 damage, and have 11/69 hp.
Press: ? - help, Shift-Dir - straight line, f/p - Amaemon
Aim: Amaemon, wielding a -1 demon whip of venom (almost dead, 60% to hit)
Okay, then.
Unknown command.
You feel much better.
You feel very sick. Amaemon barely misses you.
Amaemon claws you but does no damage. Amaemon tail-slaps you.
The scorpion barely misses you. The scorpion stings you.
You regained 23 hp, and now have 34/69 hp.
Press: ? - help, Shift-Dir - straight line, f/p - Amaemon
Aim: Amaemon, wielding a -1 demon whip of venom (almost dead, 60% to hit)
The puff of flame misses Amaemon.
You feel sick.
The scorpion stings you but does no damage.
Amaemon hits you with a -1 demon whip of venom.
Amaemon claws you. Amaemon tail-slaps you.
The scorpion stings you but does no damage.
You take 10 damage, and have 24/69 hp.
Press: ? - help, Shift-Dir - straight line, f/p - Amaemon
Aim: Amaemon, wielding a -1 demon whip of venom (almost dead, 60% to hit)
The puff of flame hits Amaemon.
You feel sick.
The scorpion stings you but does no damage.
Amaemon hits you with a -1 demon whip of venom!
* * * LOW HITPOINT WARNING * * *
Amaemon claws you but does no damage. Amaemon closely misses you.
The scorpion closely misses you.
The scorpion stings you but does no damage.
You take 15 damage, and have 9/69 hp.
MASSIVE DAMAGE!!
You feel much better.
You feel sick. The scorpion stings you.
You are more poisoned.
You have difficulty breathing.
You feel yourself slow down. Amaemon hits you but does no damage.
You are more poisoned.
Amaemon barely misses you. Amaemon tail-slaps you. The scorpion stings you.
You regained 13 hp, and now have 22/69 hp.
Unknown command.
Unknown command.
Unknown command.
You feel better.
Amaemon casts a spell at the scorpion.
The scorpion's venom grows more potent.
The scorpion stings you. x2
* * * LOW HITPOINT WARNING * * *
You resist. Amaemon closely misses you. Amaemon claws you.
* * * LOW HITPOINT WARNING * * *
Amaemon tail-slaps you but does no damage.
The scorpion stings you.
* * * LOW HITPOINT WARNING * * *
The scorpion stings you.
* * * LOW HITPOINT WARNING * * *
You are lethally poisoned!
You have difficulty breathing.
* * * LOW HITPOINT WARNING * * *
You feel as though you will be slow longer.
You take 21 damage, and have 1/69 hp.
MASSIVE DAMAGE!!
Unknown command.
Unknown command.
Unknown command.
You feel much better.
You feel extremely sick. The scorpion misses you. The scorpion stings you.
* * * LOW HITPOINT WARNING * * *
The scorpion completely misses you.
Amaemon gestures wildly while chanting.
The scorpion completely misses you.
You regained 17 hp, and now have 18/69 hp.
You feel better.
The scorpion disappears in a puff of smoke!
The scorpion stings you but does no damage. x2
Amaemon barely misses you. x3; The scorpion closely misses you.
The scorpion stings you. x2
* * * LOW HITPOINT WARNING * * *
Amaemon hits you with a -1 demon whip of venom.
* * * LOW HITPOINT WARNING * * *
Amaemon claws you.
* * * LOW HITPOINT WARNING * * *
Amaemon tail-slaps you but does no damage.
You take 10 damage, and have 8/69 hp.
Press: ? - help, Shift-Dir - straight line, f/p - Amaemon
Aim: Amaemon, wielding a -1 demon whip of venom (almost dead, chance to blink: 53%) Space twists violently!
The rupture engulfs Amaemon!
You kill Amaemon!
The scorpion disappears in a puff of smoke! x4
The rupture engulfs you!
You die...
Your body crumbles into a pile of gold.

......# ##.............
.....## ##...........#
......## #.)..........#
....#..##
##.>###.......#
....##..## ##..##
#....##.. ....###..#
##..## ##...##### ...##
##.# ###§.## #....## #
..)# #.# ###§§$##
##.##..# ..## ##.#
#..§@§# ###.####.# ...#
##..# ##....####..## #.#
...###...###......#...##
#.#
..###................##
#.## .##
#.....>.........## ##..#
## ##.............##
#...### #
##...........## #......
# ########.....##
##..... # ##.....##
######


There were no monsters in sight!

Vanquished Creatures
  Amaemon (D:6)
  A steam dragon (D:7)
  Menkaure (D:7)
  A water moccasin (D:7)
  3 sky beasts
  2 ice beasts
  An ogre (D:5)
  A centaur (D:6)
  2 phantoms
  3 bullfrogs
  A kobold brigand (D:6)
  10 wights
  A howler monkey (D:4)
  A jelly (D:5)
  An orc priest (D:8)
  3 bombardier beetles
  4 hounds
  3 spectral scorpions (Ossuary)
  5 centaur skeletons (Ossuary)
  3 iguanas
  Ijyb (D:4)
  3 orc wizards
  A crocodile zombie (Ossuary)
  7 mummies (Ossuary)
  8 adders
  4 white imps
  3 ufetubi
  3 ribbon worms
  24 orcs
  9 ball pythons
  12 endoplasms
  6 giant cockroaches
  5 goblins
  4 hobgoblins
  8 jackals
  3 quokkas
  4 bats
  A frilled lizard (D:1)
  2 gnoll skeletons (Ossuary)
  A goblin skeleton (D:3)
  A goblin zombie (D:3)
  2 hobgoblin zombies (D:3)
  11 kobolds
  A kobold skeleton (Ossuary)
  4 orc skeletons (D:3)
  2 orc zombies (D:3)
  10 spectral rats (Ossuary)
188 creatures vanquished.

Vanquished Creatures (collateral kills)
  A ball python (D:1)
  A bat (D:1)
  A kobold (D:1)
  2 rats (D:1)
5 creatures vanquished.

Vanquished Creatures (others)
  An ufetubus (D:6)
1 creature vanquished.

Grand Total: 194 creatures vanquished

Notes
Turn   | Place    | Note
-------+----------+-------------------------------------------
     0 | D:1      | Gadrel the Armataur Necromancer began the quest for the
                  | Orb.
     0 | D:1      | Reached XP level 1. HP: 14/14 MP: 3/3
    51 | D:1      | Reached skill level 2 in Spellcasting
   140 | D:1      | Reached XP level 2. HP: 20/20 MP: 5/5
   395 | D:1      | Reached skill level 3 in Stealth
   541 | D:1      | Found a faded altar of an unknown god.
   745 | D:2      | Reached XP level 3. HP: 26/26 MP: 6/6
   749 | D:2      | Learned a level 3 spell: Vampiric Draining
  1644 | D:3      | Found a glowing golden altar of the Shining One.
  1691 | D:3      | Reached skill level 4 in Necromancy
  1691 | D:3      | Reached XP level 4. HP: 33/33 MP: 7/7
  1697 | D:3      | Reached skill level 4 in Stealth
  1874 | D:3      | Found Egodghif's Distillery.
  1882 | D:3      | Bought a potion of berserk rage for 60 gold pieces
  2259 | D:4      | Noticed Ijyb
  2288 | D:4      | Killed Ijyb
  2289 | D:4      | Reached skill level 1 in Fighting
  2320 | D:4      | Reached skill level 1 in Translocations
  2397 | D:4      | Found a sand-covered staircase.
  2461 | D:4      | Reached XP level 5. HP: 38/40 MP: 8/8
  2476 | D:4      | Found a staircase to the Ecumenical Temple.
  2486 | Temple   | Entered the Ecumenical Temple
  2491 | Temple   | Learned a level 3 spell: Maxwell's Portable Piledriver
  2530 | Ossuary  | Entered an ossuary
  2555 | Ossuary  | Reached skill level 2 in Translocations
  2655 | Ossuary  | Reached skill level 3 in Spellcasting
  2687 | Ossuary  | Reached skill level 3 in Translocations
  2687 | Ossuary  | Reached XP level 6. HP: 43/45 MP: 10/10
  2944 | Ossuary  | Reached skill level 4 in Translocations
  3019 | Ossuary  | Reached skill level 5 in Translocations
  3052 | Ossuary  | Gained mutation: You regenerate magic and health when
                  | rolling toward enemies. (Rampage Regen) [Armataur growth]
  3052 | Ossuary  | Reached XP level 7. HP: 38/41 MP: 1/11
  3229 | Ossuary  | HP: 1/42 [mummy (14)]
  3617 | D:4      | Learned a level 3 spell: Teleport Other
  3851 | D:4      | Noticed grrhawk's ghost (amateur CoGl)
  3852 | D:4      | Found a transporter.
  3854 | D:4      | Identified the +5 giant spiked club "Lewnab" {holy, rF++
                  | rC- Int+4}
  4023 | D:5      | Entered Level 5 of the Dungeon
  4033 | D:5      | Reached skill level 4 in Spellcasting
  4036 | D:5      | Reached skill level 6 in Translocations
  4124 | D:5      | Found a runed translucent door.
  4128 | D:5      | Noticed GiantSquids's ghost (novice MDFi)
  4232 | D:5      | Reached XP level 8. HP: 59/59 MP: 14/14
  4272 | D:5      | Reached skill level 7 in Translocations
  4564 | D:5      | Found a hazy altar of Hepliaklqana.
  4575 | D:5      | Found an opulent altar of Gozag.
  4580 | D:5      | Became a worshipper of Gozag Ym Sagoz the Greedy
  4606 | D:5      | Found a broken altar of Ashenzari.
  4613 | D:5      | Found a shadowy altar of Dithmenos.
  4896 | D:6      | Reached skill level 8 in Translocations
  5136 | D:6      | Reached skill level 2 in Fighting
  5346 | D:6      | Found an ornate altar of the Wu Jian Council.
  5855 | D:3      | Bought a potion of resistance for 120 gold pieces
  5855 | D:3      | Bought a potion of cancellation for 96 gold pieces
  5855 | D:3      | Bought a potion of enlightenment for 60 gold pieces
  6054 | D:7      | Reached skill level 9 in Translocations
  6141 | D:6      | HP: 8/57 [wight/+0 falchion (8)]
  6297 | D:7      | Reached XP level 9. HP: 34/67 MP: 9/15
  6349 | D:7      | Reached skill level 10 in Translocations
  6438 | D:7      | Reached skill level 1 in Evocations
  6463 | D:7      | Found Fudytic's Weapon Emporium.
  6466 | D:7      | Reached skill level 3 in Fighting
  6466 | D:7      | Reached skill level 1 in Armour
  6466 | D:7      | Gadrel: !ac 5
  6466 | D:7      | beem: 4.4 armour skill per 1 AC for 5 base AC
  6488 | D:7      | Bought 2 curare-tipped darts for 36 gold pieces
  6519 | D:7      | Reached skill level 2 in Armour
  6539 | D:7      | Noticed Menkaure
  6549 | D:7      | Killed Menkaure
  6550 | D:7      | Reached skill level 3 in Armour
  6781 | D:8      | Noticed Amaemon
  6781 | D:8      | Noticed an orange demon
  6812 | D:7      | Reached skill level 4 in Armour
  6975 | D:8      | Reached skill level 1 in Long Blades
  7043 | D:8      | Reached skill level 1 in Conjurations
  7043 | D:8      | Reached skill level 1 in Earth Magic
  7218 | D:6      | HP: 16/69 [scorpion[Amaemon] (4)]
  7223 | D:6      | HP: 16/69 [scorpion[Amaemon] (1)]
  7229 | D:6      | HP: 16/69 [Amaemon/-1 demon whip of venom (4)]
  7229 | D:6      | HP: 1/69 [asphyx]
  7232 | D:6      | Killed Amaemon
  7232 | D:6      | Killed themself with a badly aimed rupture

Illustrated notes

Levels and vault maps discovered:
D:1:      dpeg_arrival_rooms_a, layout_rooms,
          hellmonk_ecumenical_altar_inner_sanctum
D:2:      layout_basic
D:3:      layout_basic, nicolae_tso_besieged_by_evil, serial_shops, shop,
          kennysheep_generic_room_8
D:4:      minmay_chambers_of_twos, layout_basic, minmay_temple_entry_grid,
          enter_ossuary_1, gammafunk_ghost_smash, minivault_14, uniq_ijyb
D:5:      layout_cave_pools, nicolae_overflow_quartered_altars,
          ebering_ghost_sewer_d, minmay_misc_feat_doors
D:6:      layout_layer_cave, nzn_wu_jian_council_hall
D:7:      layout_gridville, serial_shops, nicolae_shop_window_shopping,
          uniq_menkaure
D:8:      layout_rooms, uniq_amaemon
Temple:   nicolae_temple_superstar

Skill      XL: |  1  2  3  4  5  6  7  8  9 |
---------------+----------------------------+-----
Spellcasting   | 2 3 4 |  4.2
Stealth        | 3 4 |  4.0
Necromancy     | 4 |  4.0
Fighting       | 1 2 3 |  3.0
Translocations | 1 3 5 6 9 10 | 10.0
Evocations     | 1 |  1.0
Armour         | 4 |  4.4
Long Blades    | 1 |  1.6
Conjurations   | 1 |  1.2
Earth Magic    | 1 |  1.2
Dodging        | |  1.3

Action                     |  1- 3 |  4- 6 |  7- 9 || total
---------------------------+-------+-------+-------++-------
  Melee: Short sword       |    47 |   315 |   258 ||   620
         Unarmed           |     1 |    35 |       ||    36
         Tailslap          |     9 |    70 |    26 ||   105
  Throw: Stone             |     1 |     4 |     1 ||     6
   Cast: Necrotise         |    78 |     2 |       ||    80
         Vampiric Draining |     2 |     4 |     2 ||     8
         Maxwell's Portabl |       |     6 |    56 ||    62
  Evoke: Wand              |       |       |    16 ||    16
    Use: Scroll            |     1 |     4 |     4 ||     9
         Potion            |       |     1 |     5 ||     6
   Stab: Sleeping          |     5 |     3 |     5 ||    13
         Distracted        |       |       |     2 ||     2
 Armour: Robe              |    46 |       |       ||    46
         Ring mail         |    25 |   216 |   408 ||   649
         Skin              |       |    15 |       ||    15
  Dodge: Dodged            |    46 |   139 |   149 ||   334

Table legend: (Time is in decaauts)
 A = Elapsed time spent in this place.
 B = Non-inter-level travel time spent in this place.
 C = Inter-level travel time spent in this place.
 D = Time resting spent in this place.
 E = Time spent auto-exploring this place.
 F = Levels seen in this place.
 G = Mean time per level.
                   A        B        C        D        E       F      G
               +--------+--------+--------+--------+--------+-----+--------+
         Total |   7232 |   6766 |    466 |    282 |   4359 |  10 |  723.2 |
       Dungeon |   6401 |   5935 |    466 |    133 |   4172 |   8 |  800.1 |
        Temple |      5 |      5 |      0 |      0 |      0 |   1 |    5.0 |
       Ossuary |    824 |    824 |      0 |    149 |    187 |   1 |  824.0 |
               +--------+--------+--------+--------+--------+-----+--------+

Top non-repeatable levels by time:
     D:6: 1136 daAuts
     D:3: 990 daAuts
     D:4: 964 daAuts
     D:7: 944 daAuts
 Ossuary: 824 daAuts
     D:5: 804 daAuts
     D:1: 742 daAuts
     D:2: 566 daAuts
     D:8: 251 daAuts
  Temple: 5 daAuts

Levels and vault maps discovered:
D:1:      dpeg_arrival_rooms_a, layout_rooms,
          hellmonk_ecumenical_altar_inner_sanctum
D:2:      layout_basic
D:3:      layout_basic, nicolae_tso_besieged_by_evil, serial_shops, shop,
          kennysheep_generic_room_8
D:4:      minmay_chambers_of_twos, layout_basic, minmay_temple_entry_grid,
          enter_ossuary_1, gammafunk_ghost_smash, minivault_14, uniq_ijyb
D:5:      layout_cave_pools, nicolae_overflow_quartered_altars,
          ebering_ghost_sewer_d, minmay_misc_feat_doors
D:6:      layout_layer_cave, nzn_wu_jian_council_hall
D:7:      layout_gridville, serial_shops, nicolae_shop_window_shopping,
          uniq_menkaure
D:8:      layout_rooms, uniq_amaemon
Temple:   nicolae_temple_superstar

Table legend: (Time is in decaauts)
 A = Elapsed time spent in this place.
 B = Non-inter-level travel time spent in this place.
 C = Inter-level travel time spent in this place.
 D = Time resting spent in this place.
 E = Time spent auto-exploring this place.
 F = Levels seen in this place.
 G = Mean time per level.
                   A        B        C        D        E       F      G
               +--------+--------+--------+--------+--------+-----+--------+
         Total |   7232 |   6766 |    466 |    282 |   4359 |  10 |  723.2 |
       Dungeon |   6401 |   5935 |    466 |    133 |   4172 |   8 |  800.1 |
        Temple |      5 |      5 |      0 |      0 |      0 |   1 |    5.0 |
       Ossuary |    824 |    824 |      0 |    149 |    187 |   1 |  824.0 |
               +--------+--------+--------+--------+--------+-----+--------+

Top non-repeatable levels by time:
     D:6: 1136 daAuts
     D:3: 990 daAuts
     D:4: 964 daAuts
     D:7: 944 daAuts
 Ossuary: 824 daAuts
     D:5: 804 daAuts
     D:1: 742 daAuts
     D:2: 566 daAuts
     D:8: 251 daAuts
  Temple: 5 daAuts

Table legend:
 A = Kills in this place as a percentage of kills in the entire game.
 B = Kills by you in this place as a percentage of kills by you in the entire game.
 C = Kills by friends in this place as a percentage of kills by friends in the entire game.
 D = Other kills in this place as a percentage of other kills in the entire game.
 E = Experience gained in this place as a percentage of experience gained in the entire game.
 F = Experience gained in this place divided by the number of levels of this place that you have seen.
                   A       B       C       D       E      F
               +-------+-------+-------+-------+-------+----------------------
         Total | 100.0 | 100.0 | 100.0 | 100.0 | 100.0 | 506.6
       Dungeon |  84.0 |  83.5 | 100.0 | 100.0 |  87.5 | 554.2
       Ossuary |  16.0 |  16.5 |   0.0 |   0.0 |  12.5 | 632.0
               +-------+-------+-------+-------+-------+----------------------
